Description

First 6 minutes of the build copied from the document

Build Order

Get SALT Encoding   

  12  0:00  SCV  
  13  0:12  SCV  
  14  0:17  Supply Depot  
  14  0:24  SCV  
  15  0:38  SCV  
  16  0:39  Barracks  
  16  0:44  Refinery  Then send 17th SCV to scout
  16  0:50  SCV  
  17  1:02  SCV  
  18  1:15  SCV  
  19  1:25  Marine  
  20  1:26  Orbital Command  
  20  1:45  Command Center  
  20  1:56  Factory  
  20  2:00  SCV  
  21  2:02  Marine  
  22  2:09  Refinery  
  22  2:12  SCV  
  23  2:17  Supply Depot  Delayed for faster Factory, Marine, and Refinery
  23  2:22  Barracks Tech Lab  Then swap the Factory onto the Tech Lab
  23  2:38  SCV  
  24  2:46  Cyclone  
  24  2:49  Starport  
  28  2:58  Orbital Command  
  29  3:08  Refinery  
  29  3:09  Marine  
  30  3:19  Siege Tank  @100%, swap the Starport onto the Tech Lab
  35  3:31  Supply Depot  
  36  3:38  Fusion Core  
  36  3:40  Marine  Last Marine
  39  3:59  Barracks Reactor, Factory Tech Lab, Bunker  
  41  4:03  Supply Depot  
  45  4:28  Battlecruiser  
  53  4:41  Supply Depot, Siege Tank  Second Tank can siege in the main
  58  4:57  Command Center  Make this in the main
  59  5:06  Refinery  
  60  5:13  Siege Tank  Continuous Tank production
  65  5:25  Factory  Build this on the first Tech Lab
  67  5:36  Factory  This will swap onto the Starport Reactor coming up
  67  5:37  Armory  2x
  67  5:40  Starport Reactor  
  69  5:50  Factory  Swap this onto the next Starport Reactor
  69  5:56  Factory  Both with tech labs
Spawning Tool Build Advisor. Get it on Overwolf

Go to:

Details

  • Created by: edwardsimmons97@gmail.com
  • Published on: Jan 02, 2025
  • Modified on: Jan 02, 2025
  • Patch: 5.0.11
  • Difficulty: Easy
Show
View Real Time Build Order
Export as new Build Order

Comments (0)

There are no comments. Be the first!

Create an account to comment!